Cogmind - Beta 15 @@@ ROGUE MODE // 2025.08.10 @ 04:55:10 Player: Moritz Result: Self-destructed Performance ------------- Evolutions (2) 1000 Regions Visited (5) 1000 Robots Destroyed (19) 95 Value Destroyed (292) 292 Prototype IDs (27) 540 Alien Tech Used (0) 0 Bonus (300) 300 TOTAL SCORE: 3227 Bonus ------- Aligned with FarCom 300 Cogmind --------- Core Integrity 213/550 Matter 152/300 Energy 83/100 System Corruption 0% Temperature Cool (3) Movement Core (100) Ox1 Location -8/Materials Parts ------- > --- POWER (1) -------- (None) > --- PROPULSION (4) --- (None) > --- UTILITY (4) ------ Trap Reconfigurator > --- WEAPON (2) ------- Enhanced Autogun > --- INVENTORY (5) ---- Experimental Sensor Array Actuator Array Authchip [R/Combat] Peak State ------------ > --- POWER ------------ Light Ion Engine > --- PROPULSION ------- Flight Unit Flight Unit Flight Unit Flight Unit > --- UTILITY ---------- Small Storage Unit Reaction Control System Authchip [Device] Trap Reconfigurator > --- WEAPON ----------- Light Assault Rifle Datajack > --- INVENTORY -------- Flight Unit Experimental Sensor Array Authchip [R/Combat] Heavy Assault Rifle [Rating: 25] Favorites ----------- Power Light Ion Engine Engine Light Ion Engine Propulsion Aluminum Leg Leg Aluminum Leg Wheel Wheel Flight Unit Flight Unit Utility Small Storage Unit Device Seismic Detector Storage Small Storage Unit Hackware Authchip [Device] Weapon Small Laser Energy Gun Small Laser Ballistic Gun Light Assault Rifle Special Melee Weapon Datajack Build | -11 -10 -10 -10 -9 -8 ------- Run | Yrd Mat Min Exi Min Mat Slots Evolved 4 | . . . . . 4 Power . | . . . . . . Propulsion 2 | . . . . . 2 Utility 2 | . . . . . 2 Weapon . | . . . . . . Parts Attached 32 | 7 12 . . 2 11 Power 6 | 1 3 . . 1 1 Engine 6 | 1 3 . . 1 1 Core . | . . . . . . Reactor . | . . . . . . Propulsion 11 | 2 4 . . 1 4 Treads . | . . . . . . Leg 3 | 2 1 . . . . Wheel 1 | . 1 . . . . Hover . | . . . . . . Flight 7 | . 2 . . 1 4 Utility 7 | 2 3 . . . 2 Device 4 | 1 1 . . . 2 Storage 2 | 1 1 . . . . Processor . | . . . . . . Hackware 1 | . 1 . . . . Protection . | . . . . . . Artifact . | . . . . . . Weapon 8 | 2 2 . . . 4 Energy Gun 4 | 2 2 . . . . Energy Cannon . | . . . . . . Ballistic Gun 3 | . . . . . 3 Ballistic Cannon . | . . . . . . Launcher . | . . . . . . Special Weapon . | . . . . . . Impact Weapon . | . . . . . . Slashing Weapon . | . . . . . . Piercing Weapon . | . . . . . . Special Melee Weapon 1 | . . . . . 1 Unidentified Prototypes 1 | . . . . . 1 Parts Lost 17 | . 3 . . 1 13 Power 2 | . . . . . 2 Propulsion 8 | . 1 . . 1 6 Utility 3 | . 1 . . . 2 Weapon 4 | . 1 . . . 3 Highest Loss Streak 7 | . 2 . . 1 7 To Critical Strikes . | . . . . . . Average Backups 6 | 5 8 7 7 7 4 Power . | . 1 . . . . Propulsion 2 | 3 1 1 1 2 . Utility 2 | . 4 5 4 3 2 Weapon 1 | . 1 . 1 1 . Tool/Special . | . . . . . . Unused Backups 17 | . 7 2 3 2 3 Power . | . . . . . . Propulsion 3 | . 3 . . . . Utility 12 | . 3 2 2 2 3 Weapon 1 | . 1 . . . . Tool/Special 1 | . . . 1 . . Average Slot Usage (%) 85 | . 95 78 71 75 80 Engine 13 | . 14 14 14 14 8 Leg 5 | . 10 . . . . Wheel 1 | . 2 . . . . Flight 19 | . 10 28 28 27 32 Device 6 | . 8 . . . 14 Storage 13 | . 14 14 14 14 8 Hackware 8 | . 5 14 14 14 5 Energy Gun 15 | . 27 7 . 4 . Ballistic Gun 1 | . . . . . 6 Peak Build Rating 25 | 7 12 12 12 12 25 Average Rating 9 | 6 9 10 11 10 21 On Entrance 8 | . 7 12 11 11 10 Naked Turns . | . . . . . . Heaviest Build 19 | 12 19 11 8 9 13 Greatest Support 20 | 20 20 8 8 8 16 Greatest Overweight (x) 4 | 2 4 1 . 2 1 Average Overweight (x) . | . . . . . . Largest Inventory Capacity 10 | 8 10 8 8 8 8 Average Capacity 8 | 7 9 8 8 8 7 Most Carried 10 | 6 10 8 8 8 7 Average Carried 6 | 5 8 7 7 7 4 Final Capacity 8 | 8 8 8 8 8 5 Final Carried 8 | 6 8 8 8 8 3 Class Distribution -------------------- 91% | Mutant 5% | Scavenger-Sprinter Dominant Class ---------------- Mutant | -10/Materials Mutant | -10/Mines Mutant | -10/Exiles Mutant | -9/Mines Scavenger-Sprinter | -8/Materials Resources | -11 -10 -10 -10 -9 -8 ----------- Run | Yrd Mat Min Exi Min Mat Matter Collected 440 | 224 181 10 . 25 . Remotely . | . . . . . . Salvage Created 468 | 13 359 . . 42 54 Parts 42 | 4 24 . . 6 8 Haulers Intercepted 2 | . 2 . . . . Recyclers Shooed . | . . . . . . Parts Field Recycled . | . . . . . . Retrieved Matter . | . . . . . . Parts Self-Destructed . | . . . . . . Prevented . | . . . . . . Kills | -11 -10 -10 -10 -9 -8 ------- Run | Yrd Mat Min Exi Min Mat Combat Hostiles Destroyed 14 | . 7 . . 3 4 Guns 13 | . 6 . . 3 4 AOE 1 | . 1 . . . . Classes Destroyed 5 | 1 4 . . . . Tunneler 1 | 1 . . . . . Hauler 2 | . 2 . . . . Watcher 2 | . 2 . . . . Swarmer 10 | . 3 . . 3 4 Grunt 4 | . 4 . . . . Best Kill Streak 3 | 1 3 . . 3 2 Combat Bots Only 3 | . 2 . . 3 2 Max Kills in Single Turn 1 | 1 1 . . 1 1 Gunslinging . | . . . . . . Exploded 1 | . 1 . . . . Melee . | . . . . . . Uniques/NPCs Destroyed . | . . . . . . Combat | -11 -10 -10 -10 -9 -8 -------- Run | Yrd Mat Min Exi Min Mat Hostile Shots Fired 232 | . 72 7 . 17 136 Missed 84 | . 22 3 . 4 55 Hits 148 | . 50 4 . 13 81 Projectile 148 | . 50 4 . 13 81 Damage Taken 1640 | . 627 55 . 101 857 Core 543 | . 155 15 . 36 337 Absorbed by Shields . | . . . . . . Core Remaining (%) 58 | 100 . . . 17 . Volleys Fired 75 | 1 44 . . 9 21 Largest 2 | 2 2 . . 1 1 Hottest 80 | 80 80 . . 40 25 Shots Fired 116 | 2 84 . . 9 21 Gun 116 | 2 84 . . 9 21 Cannon . | . . . . . . Launcher . | . . . . . . Special . | . . . . . . Kinetic 21 | . . . . . 21 Thermal 54 | 1 44 . . 9 . Explosive . | . . . . . . Electromagnetic 41 | 1 40 . . . . Robot Hit Streak 7 | 1 7 . . 3 5 Robot Miss Streak 4 | 1 3 . . 1 4 Penetration Max . | . . . . . . Secondary Targets . | . . . . . . Shots Hit Robots 72 | 1 52 . . 6 13 Core Hits 26 | 1 15 . . 3 7 Critical Kills . | . . . . . . Critical Parts Destroyed . | . . . . . . Critical Strikes . | . . . . . . Melee Attacks 1 | . . . . . 1 Impact . | . . . . . . Slashing . | . . . . . . Piercing . | . . . . . . Sneak Attacks . | . . . . . . Combat Hostiles . | . . . . . . Follow-up Attacks . | . . . . . . Damage Inflicted 1056 | 10 798 . . 68 180 Guns 919 | 10 661 . . 68 180 Cannons . | . . . . . . Explosions 125 | . 125 . . . . Melee . | . . . . . . Ramming 12 | . 12 . . . . Kinetic 180 | . . . . . 180 Thermal 497 | 10 419 . . 68 . Explosive . | . . . . . . Electromagnetic 367 | . 367 . . . . Impact . | . . . . . . Slashing . | . . . . . . Piercing . | . . . . . . Highest Corruption . | . . . . . . Average Corruption . | . . . . . . Corruption Purged . | . . . . . . Corruption Blocked . | . . . . . . Overload Shots . | . . . . . . Overflow Damage . | . . . . . . Projectiles . | . . . . . . Explosions . | . . . . . . Melee . | . . . . . . Knockbacks . | . . . . . . Impact . | . . . . . . Kinetic . | . . . . . . Secondary . | . . . . . . Self-Inflicted Damage 88 | . 88 . . . . Shots 2 | . 2 . . . . Rammed 1 | . 1 . . . . Targets Rammed 1 | . 1 . . . . Kicked . | . . . . . . Crushed . | . . . . . . Highest Temperature 238 | 18 238 . . 25 8 Average Temperature 61 | 12 72 . . 14 4 Received Heat Transfer 465 | . 189 33 . . 243 Siege Activations . | . . . . . . Martial Activations . | . . . . . . Shielding Activations . | . . . . . . Robots Disrupted . | . . . . . . Combat Hostiles . | . . . . . . Robots Corrupted 1 | . 1 . . . . Combat Hostiles . | . . . . . . Parts Fried 1 | . 1 . . . . Impact Corruptions . | . . . . . . Robots Melted . | . . . . . . Combat Hostiles . | . . . . . . Parts Melted 1 | . . . . 1 . Heat Transferred 975 | 25 800 . . 150 . Parts Sabotaged . | . . . . . . Parts Stolen . | . . . . . . Parts Stripped . | . . . . . . Power Chain Reactions 2 | . 2 . . . . Alert | -11 -10 -10 -10 -9 -8 ------- Run | Yrd Mat Min Exi Min Mat Maximum Alert Level 1 | . . . . . 1 Low Security (%) 96 | 100 100 100 . 100 65 Level 1 3 | . . . . . 34 Level 2 . | . . . . . . Level 3 . | . . . . . . Level 4 . | . . . . . . Level 5 . | . . . . . . High Security . | . . . . . . Max Security . | . . . . . . Peak Influence 390 | 5 96 50 . 60 390 Initial . | . . . . . . Average 22 | . 19 15 . 22 132 Influence Increases 1102 | 5 285 100 . 70 642 Destroy 0b10 Robot/C 280 | . 140 . . 60 80 Destroy 0b10 Robot/NC 25 | 5 20 . . . . Destroy Leader 68 | . 38 . . 10 20 Trap Triggered on 0b10 10 | . . 10 . . . Successful Hack 19 | . 17 . . . 2 Destroy Structure 10 | . 10 . . . . Partial Spotted 30 | . . . . . 30 Lose Combat Pursuer 660 | . 60 90 . . 510 Influence Decreases 727 | 5 285 100 . 70 267 Time Decay 557 | 5 255 100 . 60 137 Lost Part 170 | . 30 . . 10 130 Squads Dispatched 3 | . 1 . . . 2 Investigation 2 | . 1 . . . 1 Extermination . | . . . . . . Reinforcement 1 | . . . . . 1 Assault . | . . . . . . Garrison . | . . . . . . Intercept . | . . . . . . Searches Triggered . | . . . . . . Construction Impeded . | . . . . . . Haulers Reinforced . | . . . . . . Active Scanning Responses . | . . . . . . Cargo Convoy Interrupts . | . . . . . . Stealth | -11 -10 -10 -10 -9 -8 --------- Run | Yrd Mat Min Exi Min Mat Distress Signals 2 | . . . . . 2 Communications Jammed . | . . . . . . Distress Signals . | . . . . . . Times Spotted 79 | . 14 7 . 3 55 Peak Tracking Total 21 | . 6 4 . 3 21 Tactical Retreats 17 | . 3 4 . . 10 Traps | -11 -10 -10 -10 -9 -8 ------- Run | Yrd Mat Min Exi Min Mat Traps Triggered 2 | . 2 . . . . Indirectly . | . . . . . . Trap Hack Attempts . | . . . . . . Triggered . | . . . . . . Disarmed . | . . . . . . Reprogrammed . | . . . . . . Reused 1 | . . 1 . . . Traps Extracted . | . . . . . . Installed 1 | . . 1 . . . Triggered 1 | . . 1 . . . Machines | -11 -10 -10 -10 -9 -8 ---------- Run | Yrd Mat Min Exi Min Mat Machines Disabled . | . . . . . . Max in Single Turn . | . . . . . . Garrison Access 1 | . . . . . 1 Machines Repaired . | . . . . . . Machines Dismantled . | . . . . . . Machines Sabotaged . | . . . . . . Overloaded Fab Kills . | . . . . . . Hacking | -11 -10 -10 -10 -9 -8 --------- Run | Yrd Mat Min Exi Min Mat Machines Accessed 14 | . 5 . 5 . 4 Terminals 6 | . 4 . . . 2 Fabricators . | . . . . . . Repair Stations 1 | . 1 . . . . Recycling Units . | . . . . . . Scanalyzers 1 | . . . . . 1 Garrison Access 1 | . . . . . 1 Total Hacks 84 | . 18 . 50 . 16 Successful 64 | . 5 . 50 . 9 Failed 20 | . 13 . . . 7 Catastrophic 3 | . 3 . . . . Database Lockouts . | . . . . . . Manual 4 | . 1 . 3 . . Terminals 22 | . 15 . . . 7 Fabricators . | . . . . . . Repair Stations 3 | . 3 . . . . Recycling Units . | . . . . . . Scanalyzers 8 | . . . . . 8 Garrison Access 1 | . . . . . 1 Terminal Hacks 56 | . 4 . 50 . 2 Record 52 | . 2 . 49 . 1 Prototype ID Bank 1 | . 1 . . . . Alert Level 1 | . 1 . . . . Recall Investigation 1 | . . . . . 1 Proto ID Catalog 1 | . . . 1 . . Fabricator Hacks . | . . . . . . Repair Station Hacks 1 | . 1 . . . . Scan Component 1 | . 1 . . . . Recycling Unit Hacks . | . . . . . . Scanalyzer 6 | . . . . . 6 Insert Component 3 | . . . . . 3 Analyze 3 | . . . . . 3 Garrison Access Hacks 1 | . . . . . 1 Seal Access 1 | . . . . . 1 Unauthorized Hacks . | . . . . . . Terminals . | . . . . . . Fabricators . | . . . . . . Repair Stations . | . . . . . . Recycling Units . | . . . . . . Scanalyzers . | . . . . . . Garrison Access . | . . . . . . Data Cores Recovered . | . . . . . . Used . | . . . . . . Hacking Detections 8 | . 5 . . . 3 Full Trace Events 2 | . 1 . . . 1 Feedback Events . | . . . . . . Feedback Blocked . | . . . . . . Robot Schematics Acquired . | . . . . . . Robots Built . | . . . . . . Authchips . | . . . . . . Time . | . . . . . . Total Robot Build Rating . | . . . . . . Part Schematics Acquired 2 | . . . . . 2 Parts Built . | . . . . . . Authchips . | . . . . . . Time . | . . . . . . Total Part Build Rating . | . . . . . . Parts Repaired . | . . . . . . Time . | . . . . . . Parts Recycled . | . . . . . . Recycled Matter . | . . . . . . Retrieved Matter . | . . . . . . Retrieved Components . | . . . . . . Parts Scanalyzed 2 | . . . . . 2 Part Schematics Acquired 2 | . . . . . 2 Parts Damaged . | . . . . . . Bothacking | -11 -10 -10 -10 -9 -8 ------------ Run | Yrd Mat Min Exi Min Mat Used RIF Installer . | . . . . . . Robots Hacked 1 | . . . . . 1 Non-combat . | . . . . . . Combat 1 | . . . . . 1 Robot Hacks Applied 1 | . . . . . 1 parse_system 1 | . . . . . 1 Relay Couplers Released . | . . . . . . Fabnet Peak Effective % . | . . . . . . Robots Rewired . | . . . . . . Allies Hacked . | . . . . . . Hacks Repelled . | . . . . . . Allies | -11 -10 -10 -10 -9 -8 -------- Run | Yrd Mat Min Exi Min Mat Total Allies . | . . . . . . Largest Group . | . . . . . . Highest-Rated Group . | . . . . . . Highest-Rated Ally . | . . . . . . Total Orders . | . . . . . . Ally Attacks . | . . . . . . Total Damage . | . . . . . . Kills . | . . . . . . Allies Corrupted . | . . . . . . Allies Melted . | . . . . . . Intel | -11 -10 -10 -10 -9 -8 ------- Run | Yrd Mat Min Exi Min Mat Active Infowar (turns) 1533 | 1426 107 . . . . Seismic 1533 | 1426 107 . . . . Robot Analysis Total . | . . . . . . Derelict Logs Recovered . | . . . . . . Drone Launches . | . . . . . . Drone Recoveries . | . . . . . . Exploration | -11 -10 -10 -10 -9 -8 ------------- Run | Yrd Mat Min Exi Min Mat Turns Passed 3759 | 1500 1133 307 315 160 344 Spaces Moved 3456 | 370 785 610 806 314 571 Core 34 | 11 . . . . 23 Treads . | . . . . . . Legs 628 | 359 269 . . . . Wheels 199 | . 199 . . . . Hover . | . . . . . . Flight 2595 | . 317 610 806 314 548 Fastest Speed 31 | 50 95 37 37 37 31 Average Speed 65 | 119 116 44 37 41 33 Slowest Speed 360 | 150 360 117 37 200 120 Overloaded Moves . | . . . . . . Propulsion Burnouts . | . . . . . . Robots Hopped 13 | . . 5 . . 8 Potential Cave-ins . | . . . . . . Cave-ins Triggered . | . . . . . . Exploration Rate (%) 67 | 40 79 89 94 54 49 Regions Visited 5 Branch Regions 3 Pre-discovered Areas 1 | . . . 1 . . Known Exits Taken . | . . . . . . Unknown Exits Taken 5 | 1 1 1 1 1 . Scrap Searched 3 | . . 1 . 2 . Spaces Dug . | . . . . . . Terrain Destroyed 9 | . 9 . . . . Melee . | . . . . . . Projectile . | . . . . . . AOE 9 | . 9 . . . . Terrain Rammed . | . . . . . . Walls Destroyed . | . . . . . . Machines Disabled . | . . . . . . Actions | -11 -10 -10 -10 -9 -8 --------- Run | Yrd Mat Min Exi Min Mat Total 4847 | 1422 922 644 825 336 698 Wait 1208 | 1039 44 27 6 . 92 Move 3425 | 369 784 599 805 313 555 Hop 13 | . . 5 . . 8 Pick Up 40 | 6 16 4 7 5 2 Fast Attach 14 | 7 3 . . 1 3 Attach 15 | . 4 . . 1 10 Detach 4 | . 1 1 . 1 1 Swap 12 | . 8 . . 1 3 Drop 38 | . 17 7 7 5 2 Fire 75 | 1 44 . . 9 21 Melee 1 | . . . . . 1 Ram 1 | . 1 . . . . Kick . | . . . . . . Crush . | . . . . . . Escape Stasis . | . . . . . . Rewire . | . . . . . . Trap 1 | . . 1 . . . Miscellaneous . | . . . . . . Route ------- -11/Scrapyard -10/Materials (discovered 4 exits: [*Mat x2] / [*Min x2]) -10/Mines (discovered 3 exits: [*Mat] / *Exi / [*Sub]) -10/Exiles (discovered 2 exits: [*Min x2]) -9/Mines -8/Materials History --------- Turn | Location | Event 2 | -11/Scrapyard | Met Revision 17 18 | -11/Scrapyard | Discovered new exit (range 15) 1501 | -11/Scrapyard | Entered Materials 1502 | -10/Materials | Build established: Mutant 1684 | -10/Materials | Discovered new exit (range 7) 1686 | -10/Materials | Discovered new exit (range 15) 1743 | -10/Materials | Core integrity fell below 50% 1753 | -10/Materials | Discovered new exit (range 5) 1895 | -10/Materials | Discovered new exit (range 16) 2634 | -10/Materials | Entered Mines 2698 | -10/Mines | Found a Scrap Suit stashed away for nefarious purposes 2701 | -10/Mines | Found Scrap Suit 2725 | -10/Mines | Found a hidden stash of uninstalled traps 2781 | -10/Mines | Found a damaged Exp. Sensor Array with a note attached 2782 | -10/Mines | Found Prototype Device 2905 | -10/Mines | Discovered new exit (range 13) 2922 | -10/Mines | Discovered new exit (range 9) 2939 | -10/Mines | Deemed a non-threat by the Exiles lab entrance 2939 | -10/Mines | Discovered new exit (range 5) 2941 | -10/Mines | Entered Exiles 2950 | -10/Exiles | Discovered new exit (range 14) 2960 | -10/Exiles | Met 8R-AWN 2968 | -10/Exiles | Met EX-HEX 2988 | -10/Exiles | Met EX-DEC 2998 | -10/Exiles | Learned location of Zion (-7) 3016 | -10/Exiles | Discovered new exit (range 14) 3051 | -10/Exiles | Met EX-BIN 3063 | -10/Exiles | Aligned with FarCom system 3064 | -10/Exiles | Given EX-Vault access code 3118 | -10/Exiles | Visited The Gauntlet 3191 | -10/Exiles | Opened EX-Vault 3194 | -10/Exiles | Found Skeleton Box 3197 | -10/Exiles | Found Trap Reconfigurator 3205 | -10/Exiles | Found Modified TNC 3229 | -10/Exiles | Warned to stay clear of 0b10 Research branches 3256 | -10/Exiles | Left Exiles lab with Trap Reconfigurator 3256 | -10/Exiles | Entered Mines 3266 | -9/Mines | Core integrity fell below 20% 3398 | -9/Mines | Discovered new exit (range 15) 3416 | -9/Mines | Entered Materials 3416 | -8/Materials | Evolved 4 slots: Propulsion x2, Utility x2 3431 | -8/Materials | Identified Exp. Sensor Array 3718 | -8/Materials | Lost 5 parts (2n1u2w) 3752 | -8/Materials | Core integrity fell below 50% 3760 | -8/Materials | Self-destructed Last Messages --------------- System]. Terrestrial homeworld of [Human] civilization. By the late 21st century that civilization drained the planet's resources and destabilized the environment to the point that global-scale technology was necessary to maintain an increasingly fragile planet. Flight Unit destroyed. Dropped Datajack. Dropped Sml. Storage Unit. Lgt. Ion Engine destroyed. Acquired Datajack. Flight Unit destroyed. Lgt. Ion Engine destroyed. Datajack destroyed. Acquired Prototype Ballistic Gun. Identified Enh. Autogun. S-10 Pest destroyed. Slug penetrates Wall. S-10 Pest destroyed. Slug penetrates Wall. Map ----- +----------------------------------------------------+ | """ ### "" # | | ###### ################ "T" ## S"" # | | +###### #??????????????# ## "" # | | # #??????????????# + = # | | " """ # #??????????????# !############ | | " """ # #??????????????# #??????????? | | " """ # #??????????????# " #??????????? | | # #####??????????# """ #??????????? | | " """ # #??##+###### """ #??????????? | | " """ # #### """ #??????????? | | " """ + "" #??????????? | | # """ #??????????? | | " """ # "" "" #??????????? | | " """ # "Y "" ##??????????? | | " """ # "" " #???????????? | | # """"" #???????????? | | ? # h """"" #???????????? | | ? # """"" #???????????? | | ? # g #???????????? | | ?#?#### g #???????????? | | ??????## #Y ########???????????? | | ???????# ################Y # [[ #???????????? | | ???????+ + [ ## [sgl + [[ #???????????? | | ???????# # ## sg#g # [#???????????? | | ???????# # ## """ # # #???????????? | | ???????# # """ ## """ @# #? #???????????? | | ???????# # """ ## """ !# #? #???????????? | | ???????# # """ ## # #??#####???????????? | | ######## ################ #??????????????????? | | # #??????????????# #??????????????????? | | [ # #?????????????? ??????????????????? | | # #?????????????? ??????????????????? | | / #?????????????? ??????????????????? | | ! # #?????????????# #?????????????????? | | ###/#### ##????????????# ! #?????????????????? | | # #????????????### ###?????????????????? | | """"" # #??????????????? ????????????????????? | | """"" + #??????????????? ????????????????????? | | """"" # #????????????????????????????????????? | | # #????????????????????????????????????? | | """"" #######????????????????????????????????????? | | """"" #??????????????????????????????????????????? | | """"" #??????????????????????????????????????????? | | #??????????????????????????????????????????? | | #######??????????????????????????????????????????? | | ?????????????????????????????????????????????????? | | ?????????????????????????????????????????????????? | | ?????????????????????????????????????????????????? | | ?????????????????????????????????????????????????? | | | +----------------------------------------------------+ Best States ------------- Heat Dissipation 35 Energy Generation 10 Energy Capacity 250 Matter Stores 300 Matter Capacity 300 Sight Range 16 Terrain Scan Density 10 Evasion (%) 71 Authchip Count 5 Item Schematics ----------------- Flight Unit | -8/Materials | Scanalyzed Lgt. Assault Rifle | -8/Materials | Scanalyzed Robot Schematics ------------------ None Fabricated ------------ Nothing Repaired ---------- Nothing Alien Tech Used ----------------- None Achievements -------------- GoHome() Hunted Loot Pinata Tourist Challenges ------------ None Game ------ Seed TowerAlphaInsulator Manual? 0 Play Time 01:11:26 Cumulative 6.1 hours Start 2025.08.07 @ 18:50:16 End 2025.08.10 @ 04:55:10 Sessions 5 Manual Loads 0 Difficulty Rogue Special Mode None Game No. 7 Rogue 7 Adventurer 0 Explorer 0 Win Type - Total 0 Types 0/0/0/0/0/0/0/0/0/0 Lore% 7 Gallery% 8 Achievement% 11 Wizard Run 0 Options --------- Layout 1 ASCII 0 Keyboard 0 Movement Mouse Keybinds 0 Fullscreen 1 Font 24/Smallcaps Map View 50x35 Zoom Use 0% Tactical HUD 0 Map Filters NONE Filters NONE Steam 1 RUN: 7041e160-309c-4386-948c-93475e92910d